NWL (28 & UNDER)
BISMARCK BARONS @ RED DEER WRANGLERS
05/03/2029
 
TOP OF THE 1ST
Bismarck Barons batting - Pitching for Red Deer Wranglers : RHP Michael Walton
Pitching: RHP Michael Walton
Batting: RHB Xie-li Fong 0-0: Called Strike
0-1: Swinging Strike
0-2: Ball
1-2: Strikes out swinging
Batting: LHB Corey MacGregor 0-0: Ball
1-0: Ball
2-0: Foul Ball, location: 2F
2-1: Fly out, F8 (Flyball, 78D)
Batting: RHB Jason Stover 0-0: Ball
1-0: Ball
2-0: Called Strike
2-1: Swinging Strike
2-2: Ball
3-2: Fly out, F4 (Popup, 4MS)
Top of the 1st over - 0 runs, 0 hits, 0 errors, 0 left on base; Bismarck 0 - Red Deer 0
BOTTOM OF THE 1ST
Red Deer Wranglers batting - Pitching for Bismarck Barons : RHP Kyle Horton
Pitching: RHP Kyle Horton
Batting: RHB Julián García 0-0: Called Strike
0-1: Ball
1-1: Ball
2-1: SINGLE (Groundball, 4MD)
Batting: SHB Robbie Rhodes 0-0: Called Strike
Julián García is caught stealing 2nd base
0-1: Ground out 6-3 (Groundball, 6)
Batting: LHB Edgar López 0-0: Ball
1-0: Ball
2-0: Ball
3-0: Base on Balls
Batting: RHB Xavier López 0-0: Fielders Choice at 2nd, 5-4 (Groundball, 56)
Bottom of the 1st over - 0 runs, 1 hit, 0 errors, 1 left on base; Bismarck 0 - Red Deer 0
TOP OF THE 2ND
Bismarck Barons batting - Pitching for Red Deer Wranglers : RHP Michael Walton
Batting: RHB Jesús Ramos 0-0: DOUBLE (Line Drive, 8RD)
Batting: LHB Jorge Fernández 0-0: Ball
1-0: Ball
2-0: Foul Ball, location: 2F
2-1: SINGLE (Line Drive, 78S)
Jesús Ramos to third
Batting: RHB Dennis Garner 0-0: Called Strike
0-1: Ball
1-1: Ball
2-1: Foul Ball, location: 2F
2-2: Ball
3-2: Strikes out swinging
Batting: RHB Dave Anderson 0-0: Foul Ball, location: 2F
0-1: Ball
Jorge Fernández steals 2nd base
1-1: Ball
2-1: Ground out U3 (Groundball, 34S)
Jesús Ramos scores
Jorge Fernández to third
Batting: RHB Félix Trevino 0-0: Foul Ball, location: 2F
0-1: Foul Ball, location: 2F
0-2: Foul Ball, location: 2F
0-2: Fly out, F8 (Line Drive, 8RD)
Top of the 2nd over - 1 run, 2 hits, 0 errors, 1 left on base; Bismarck 1 - Red Deer 0
BOTTOM OF THE 2ND
Red Deer Wranglers batting - Pitching for Bismarck Barons : RHP Kyle Horton
Batting: RHB Pedro Cabrera 0-0: Ball
1-0: Ball
2-0: Foul Ball, location: 2F
2-1: Swinging Strike
2-2: Ball
3-2: Base on Balls
Batting: RHB Joe Lewis 0-0: Ball
1-0: Ball
2-0: SINGLE (Groundball, 56D)
Pedro Cabrera to second
Batting: LHB Francisco Blanco 0-0: SINGLE (Flyball, 9S)
Pedro Cabrera to third
Joe Lewis to second
Runner from 3rd tries for Home, throw and OUT!
Batting: RHB Ismael Ortíz 0-0: Ball
1-0: Foul Ball, location: 2F
1-1: Fly out, F7 (Flyball, 7LS)
Batting: LHB Héctor Santos 0-0: Ball
1-0: Swinging Strike
1-1: Called Strike
1-2: Ball
2-2: Ball
3-2: Ground out U3 (Groundball, 3)
Bottom of the 2nd over - 0 runs, 2 hits, 0 errors, 2 left on base; Bismarck 1 - Red Deer 0
TOP OF THE 3RD
Bismarck Barons batting - Pitching for Red Deer Wranglers : RHP Michael Walton
Batting: RHB José Ruíz 0-0: Ball
1-0: Called Strike
1-1: Ball
2-1: Fly out, F7 (Flyball, 78M)
Batting: RHB Xie-li Fong 0-0: Called Strike
0-1: Foul Ball, location: 2F
0-2: Ball
1-2: Ball
2-2: Foul Ball, location: 2F
2-2: Ground out 1-3 (Groundball, P)
Batting: LHB Corey MacGregor 0-0: Called Strike
0-1: Foul Ball, location: 2F
0-2: Foul Ball, location: 2F
0-2: Strikes out looking
Top of the 3rd over - 0 runs, 0 hits, 0 errors, 0 left on base; Bismarck 1 - Red Deer 0
BOTTOM OF THE 3RD
Red Deer Wranglers batting - Pitching for Bismarck Barons : RHP Kyle Horton
Batting: RHB Julián García 0-0: Ball
1-0: SINGLE (Line Drive, 5D)
Batting: SHB Robbie Rhodes 0-0: Ball
1-0: Ball
2-0: Foul Ball, location: 2F
2-1: Ball
3-1: Called Strike
3-2: Strikes out swinging
Batting: LHB Edgar López 0-0: Ball
1-0: Called Strike
1-1: Ball
2-1: Ball
3-1: DOUBLE (Line Drive, 89D)
Julián García to third
Batting: RHB Xavier López 0-0: Called Strike
0-1: Called Strike
0-2: Strikes out looking
Batting: RHB Pedro Cabrera 0-0: Ball
1-0: Ground out U3 (Groundball, 3)
Bottom of the 3rd over - 0 runs, 2 hits, 0 errors, 2 left on base; Bismarck 1 - Red Deer 0
TOP OF THE 4TH
Bismarck Barons batting - Pitching for Red Deer Wranglers : RHP Michael Walton
Batting: RHB Jason Stover 0-0: Ball
1-0: Fly out, F7 (Flyball, 7S)
Batting: RHB Jesús Ramos 0-0: Ball
1-0: Ground out 3-1 (Groundball, 34S)
Batting: LHB Jorge Fernández 0-0: Ball
1-0: Ball
2-0: Foul Ball, location: 2F
2-1: Ground out 5-3 (Groundball, 5S)
Top of the 4th over - 0 runs, 0 hits, 0 errors, 0 left on base; Bismarck 1 - Red Deer 0
BOTTOM OF THE 4TH
Red Deer Wranglers batting - Pitching for Bismarck Barons : RHP Kyle Horton
Batting: RHB Joe Lewis 0-0: Called Strike
0-1: Swinging Strike
0-2: Ground out 6-3 (Groundball, 6S)
Batting: LHB Francisco Blanco 0-0: SOLO HOME RUN (Flyball, 9D), Distance : 337 ft
Batting: RHB Ismael Ortíz 0-0: Foul Ball, location: 2F
0-1: Ball
1-1: Swinging Strike
1-2: Foul Ball, location: 2F
1-2: Strikes out swinging
Batting: LHB Héctor Santos 0-0: Ball
1-0: Fly out, F9 (Line Drive, 9)
Bottom of the 4th over - 1 run, 1 hit, 0 errors, 0 left on base; Bismarck 1 - Red Deer 1
TOP OF THE 5TH
Bismarck Barons batting - Pitching for Red Deer Wranglers : RHP Michael Walton
Batting: RHB Dennis Garner 0-0: Foul Ball, location: 2F
0-1: Ball
1-1: Ball
2-1: Foul Ball, location: 2F
2-2: Strikes out looking
Batting: RHB Dave Anderson 0-0: Ball
1-0: Ball
2-0: Called Strike
2-1: Ball
3-1: DOUBLE (Line Drive, 7LD)
Batting: RHB Félix Trevino 0-0: Ball
1-0: Called Strike
1-1: Swinging Strike
1-2: Ball
2-2: Ground out 4-3 (Groundball, 4)
Dave Anderson to third
Pitching: LHP Macy Catron
Batting: RHB José Ruíz 0-0: Foul Ball, location: 2F
0-1: Swinging Strike
0-2: Ball
1-2: Strikes out swinging
Top of the 5th over - 0 runs, 1 hit, 0 errors, 1 left on base; Bismarck 1 - Red Deer 1
BOTTOM OF THE 5TH
Red Deer Wranglers batting - Pitching for Bismarck Barons : RHP Kyle Horton
Batting: RHB Julián García 0-0: Called Strike
0-1: Ball
1-1: Ball
2-1: DOUBLE (Flyball, 8RXD)
Batting: SHB Robbie Rhodes 0-0: Ball
1-0: Ball
2-0: Ball
3-0: Called Strike
3-1: Foul Ball, location: 2F
3-2: Foul Ball, location: 2F
3-2: Base on Balls
Batting: LHB Edgar López 0-0: Called Strike
0-1: Called Strike
0-2: Ball
1-2: SINGLE (Line Drive, 8RS)
Julián García to third
Robbie Rhodes to second
Runner from 3rd tries for Home, SAFE, throw made at trailing runner, OUT at third!
Batting: RHB Xavier López 0-0: Ball
1-0: Fly out, F9 (Flyball, 89D)
Batting: RHB Pedro Cabrera 0-0: Called Strike
0-1: Ball
1-1: Ball
2-1: 2-RUN HOME RUN (Flyball, 7LD), Distance : 316 ft
Batting: RHB Joe Lewis 0-0: Swinging Strike
0-1: Ball
1-1: Foul Ball, location: 2F
1-2: Ball
2-2: Ball
3-2: Ground out 4-3 (Groundball, 4)
Bottom of the 5th over - 3 runs, 3 hits, 0 errors, 0 left on base; Bismarck 1 - Red Deer 4
TOP OF THE 6TH
Bismarck Barons batting - Pitching for Red Deer Wranglers : LHP Macy Catron
Batting: RHB Xie-li Fong 0-0: Ball
1-0: Ball
2-0: SINGLE (Line Drive, 5)
Batting: LHB Corey MacGregor 0-0: Called Strike
Pickoff Throw to First - Error! E1
Xie-li Fong to second
0-1: Fly out, F3 (Line Drive, 3)
Batting: RHB Jason Stover 0-0: Ball
Wild Pitch!
Xie-li Fong to third
1-0: DOUBLE (Popup, 6D)
Xie-li Fong scores
Batting: RHB Jesús Ramos 0-0: Called Strike
Jason Stover is caught stealing 3rd base
0-1: Ball
1-1: Swinging Strike
1-2: Ground out 5-3 (Groundball, 56S)
Top of the 6th over - 1 run, 2 hits, 1 error, 0 left on base; Bismarck 2 - Red Deer 4
BOTTOM OF THE 6TH
Red Deer Wranglers batting - Pitching for Bismarck Barons : RHP Kyle Horton
Pitching: RHP Neil Birss
Batting: LHB Francisco Blanco 0-0: Ball
1-0: Called Strike
1-1: Called Strike
1-2: Foul Ball, location: 2F
1-2: Foul Ball, location: 2F
1-2: Ball
2-2: DOUBLE (Flyball, 8LXD)
Batting: RHB Ismael Ortíz 0-0: Ball
Francisco Blanco is caught stealing 3rd base
1-0: SOLO HOME RUN (Line Drive, 7LD), Distance : 343 ft
Batting: LHB Héctor Santos 0-0: Called Strike
0-1: Foul Ball, location: 2F
0-2: Ball
1-2: Strikes out swinging
Batting: RHB Julián García 0-0: Foul Ball, location: 2F
0-1: Swinging Strike
0-2: Ball
1-2: SINGLE (Line Drive, 8LS)
Batting: SHB Robbie Rhodes 0-0: Ball
1-0: Foul Ball, location: 2F
1-1: Fly out, F8 (Flyball, 8RM)
Bottom of the 6th over - 1 run, 3 hits, 0 errors, 1 left on base; Bismarck 2 - Red Deer 5
TOP OF THE 7TH
Bismarck Barons batting - Pitching for Red Deer Wranglers : LHP Macy Catron
Batting: LHB Jorge Fernández 0-0: Called Strike
0-1: Ball
1-1: Called Strike
1-2: Ball
2-2: Foul Ball, location: 2F
2-2: Ball
3-2: Strikes out swinging
Batting: RHB Dennis Garner 0-0: Called Strike
0-1: Foul Ball, location: 2F
0-2: Foul Ball, location: 2F
0-2: Foul Ball, location: 2F
0-2: Foul Ball, location: 2F
0-2: Ball
1-2: Ball
2-2: Fly out, F7 (Flyball, 7D)
Batting: RHB Dave Anderson 0-0: Ball
1-0: Ball
2-0: Fly out, F9 (Flyball, 9LM)
Top of the 7th over - 0 runs, 0 hits, 0 errors, 0 left on base; Bismarck 2 - Red Deer 5
BOTTOM OF THE 7TH
Red Deer Wranglers batting - Pitching for Bismarck Barons : RHP Neil Birss
Batting: LHB Edgar López 0-0: Ball
1-0: Called Strike
1-1: Foul Ball, location: 2F
1-2: Ball
2-2: Foul Ball, location: 2F
2-2: Strikes out swinging
Batting: RHB Xavier López 0-0: Called Strike
0-1: Swinging Strike
0-2: Foul Ball, location: 2F
0-2: Strikes out swinging
Batting: RHB Pedro Cabrera 0-0: Ball
1-0: Foul Ball, location: 2F
1-1: Ball
2-1: Foul Ball, location: 2F
2-2: Foul Ball, location: 2F
2-2: Foul Ball, location: 2F
2-2: Strikes out swinging
Bottom of the 7th over - 0 runs, 0 hits, 0 errors, 0 left on base; Bismarck 2 - Red Deer 5
TOP OF THE 8TH
Bismarck Barons batting - Pitching for Red Deer Wranglers : LHP Macy Catron
Batting: RHB Félix Trevino 0-0: Called Strike
0-1: Foul Ball, location: 2F
0-2: DOUBLE (Line Drive, 8LD)
Batting: RHB José Ruíz 0-0: Swinging Strike
0-1: Ball
1-1: Ball
2-1: Foul Ball, location: 2F
2-2: Ball
3-2: Strikes out swinging
Batting: RHB Xie-li Fong 0-0: SINGLE (Groundball, 6) (infield hit)
Félix Trevino to third
Batting: LHB Corey MacGregor 0-0: Ball
1-0: Called Strike
1-1: Ball
2-1: Swinging Strike
2-2: SINGLE (Groundball, 34D)
Félix Trevino scores
Xie-li Fong to second
Runner from 2nd tries for 3rd, SAFE, no throw
Pitching: RHP Melvin Hicks
Batting: RHB Jason Stover 0-0: Ball
1-0: Swinging Strike
1-1: Ball
2-1: Ball
3-1: SINGLE (Groundball, 34D)
Xie-li Fong scores
Corey MacGregor to second
Runner from 2nd tries for 3rd, SAFE, throw made to third
Jason Stover to second
Batting: RHB Jesús Ramos 0-0: Ball
1-0: Ball
2-0: Ball
3-0: Base on Balls
Batting: LHB Jorge Fernández 0-0: Called Strike
0-1: Ball
1-1: SINGLE (Line Drive, 9S)
Corey MacGregor scores
Jason Stover to third
Jesús Ramos to second
Pinch Hitting: SHB José Gonzáles 0-0: Ball
Wild Pitch!
Jason Stover scores
Jesús Ramos to third
Jorge Fernández to second
1-0: Intentional Walk
Pinch Hitting: LHB Ralph Jackson 0-0: Ball
1-0: Called Strike
1-1: Fly out, F8 (Flyball, 78D)
Runner from 3rd tags up, SCORES, no throw
Batting: RHB Félix Trevino 0-0: Ball
1-0: Swinging Strike
1-1: Called Strike
1-2: Foul Ball, location: 2F
1-2: Fielders Choice at 2nd, U4 (Groundball, 4M)
Top of the 8th over - 5 runs, 5 hits, 0 errors, 2 left on base; Bismarck 7 - Red Deer 5
BOTTOM OF THE 8TH
Red Deer Wranglers batting - Pitching for Bismarck Barons : RHP Neil Birss
Now at SS: Eric Black
Now in CF: José Gonzáles
Batting: RHB Joe Lewis 0-0: Called Strike
0-1: Ball
1-1: Ball
2-1: Called Strike
2-2: Ground out 4-3 (Groundball, 4M)
Batting: LHB Francisco Blanco 0-0: Called Strike
0-1: Ball
1-1: Ball
2-1: Foul Ball, location: 2F
2-2: Ball
3-2: Strikes out swinging
Batting: RHB Ismael Ortíz 0-0: Fly out, F8 (Flyball, 89D)
Bottom of the 8th over - 0 runs, 0 hits, 0 errors, 0 left on base; Bismarck 7 - Red Deer 5
TOP OF THE 9TH
Bismarck Barons batting - Pitching for Red Deer Wranglers : RHP Melvin Hicks
Batting: RHB José Ruíz 0-0: Called Strike
0-1: Ball
1-1: Called Strike
1-2: Strikes out swinging
Batting: RHB Xie-li Fong 0-0: Called Strike
0-1: Called Strike
0-2: Ball
1-2: Strikes out swinging
Batting: LHB Corey MacGregor 0-0: Ball
1-0: Ball
2-0: SINGLE (Groundball, 4MS) (infield hit)
Batting: RHB Jason Stover 0-0: Called Strike
0-1: Ball
1-1: Foul Ball, location: 2F
1-2: Ball
2-2: Strikes out looking
Top of the 9th over - 0 runs, 1 hit, 0 errors, 1 left on base; Bismarck 7 - Red Deer 5
BOTTOM OF THE 9TH
Red Deer Wranglers batting - Pitching for Bismarck Barons : RHP Neil Birss
Batting: LHB Héctor Santos 0-0: Ball
1-0: Fly out, F5 (Popup, 25)
Batting: RHB Julián García 0-0: Called Strike
0-1: DOUBLE (Line Drive, 7LD)
Batting: SHB Robbie Rhodes 0-0: Ball
1-0: Called Strike
1-1: Swinging Strike
1-2: Ball
2-2: Foul Ball, location: 2F
2-2: SINGLE (Line Drive, 89M)
Julián García to third
Batting: LHB Edgar López 0-0: Ball
1-0: Ball
2-0: Ball
3-0: Called Strike
3-1: Base on Balls
Robbie Rhodes to second
Batting: RHB Xavier López 0-0: Ball
Wild Pitch!
Julián García scores
Robbie Rhodes to third
Edgar López to second
1-0: Called Strike
1-1: Foul Ball, location: 2F
1-2: Ball
2-2: Strikes out swinging
Batting: RHB Pedro Cabrera 0-0: Called Strike
0-1: Ball
1-1: Ball
2-1: Ground out 3-1 (Groundball, 34)
Bottom of the 9th over - 1 run, 2 hits, 0 errors, 2 left on base; Bismarck 7 - Red Deer 6
Saturday, December 16th, 2017 - OOTP Baseball 18.8 Build 76